 Dungeon Crawl Stone Soup version 0.17.1-1-g73c8601 (webtiles) character file.

199761 OssuaryOsiris the Blocker (level 17, -17/133 HPs)
             Began as a Mummy Monk on Dec 13, 2015.
             Killed from afar by a vampire mosquito (45 damage)
             ... with an exploding inner flame
             ... hexed by the player character
             ... on level 1 of the Vaults on Dec 15, 2015.
             The game lasted 07:31:35 (120520 turns).

OssuaryOsiris the Blocker (Mummy Monk)            Turns: 120520, Time: 07:31:35

Health: -17/133    AC: 10    Str: 14    XL:     17   Next: 85%
Magic:  17/17      EV: 24    Int: 13    God:
Gold:   1990       SH: 14    Dex: 20    Spells: 0 memorised, 16 levels left

rFire  . . .     SeeInvis +       - Unarmed
rCold  . . .     Clarity  .     (no armour)
rNeg   + + +     SustAt   .     R - +0 shield
rPois  ∞         Gourm    .     v - +3 crown of Dyrovepreva {rElec Int+2 SInv}
rElec  +         Spirit   .     O - +2 cloak {MR+} {Thanks Doc!}
rCorr  .         Warding  .     I - +0 pair of gloves
rMut   .         Stasis   .     A - +2 pair of boots of the Assassin {DetectMon Stab+ Stlth++, HAHAHAAHAHAHA}
MR     +++..                    Z - amulet of faith {!P}
Stlth  ++++++++..               G - ring of fire {Xom's Gift}
                                H - ring of stealth

@: extremely resistant to hostile enchantments, extraordinarily stealthy
A: no food or potions, fire vulnerability, cold resistance 1, negative energy
resistance 3, torment resistance, unbreathing, in touch with death 1, restore
body
a: Self-Restoration
}: 1/15 runes: gossamer


You were on level 1 of the Vaults.
You were not hungry.

You visited 6 branches of the dungeon, and saw 34 of its levels.
You also visited: Labyrinth, Sewer and Ossuary.

You collected 2656 gold pieces.
You spent 666 gold pieces at shops.


Innate Abilities, Weirdness & Mutations

You do not eat or drink.
Your flesh is vulnerable to fire.
You are immune to poison.
Your flesh is cold resistant.
You are immune to negative energy.
You are immune to unholy pain and torment.
You can survive without breathing.
You are in touch with the powers of death.
You can restore your body by infusing magical energy.


   Skills:
 - Level 12.0 Fighting
 - Level 5.1 Short Blades
 - Level 13.4 Dodging
 - Level 9.4 Stealth
 + Level 14.7 Shields
 - Level 14.0 Unarmed Combat


You had 16 spell levels left.
You didn't know any spells.

Inventory:

Hand Weapons
 u - a +1 short sword of distortion
 x - a +0 mace of holy wrath
Missiles
 n - 60 poisoned needles
 o - 390 arrows (quivered)
 y - 11 needles of paralysis
 S - 12 needles of slowing
 W - 13 curare-tipped needles {=f}
Armour
 d - the +0 large shield of the Devil's Advocate {rC++ rCorr Dex-3 Slay-5, Perfect for MuMo}

   It affects your dexterity (-3).
   It affects your accuracy and damage with ranged weapons and melee attacks
   (-5).
   It greatly protects you from cold.
   It protects you from acid and corrosion.
 k - a +0 helmet of see invisible
 l - a +2 helmet
 v - the +3 crown of Dyrovepreva (worn) {rElec Int+2 SInv}

   It affects your intelligence (+2).
   It insulates you from electricity.
   It lets you see invisible.
 z - a +2 cloak of poison resistance {Don't forget the Rpois}
 A - the +2 pair of boots of the Assassin (worn) {DetectMon Stab+ Stlth++, HAHAHAAHAHAHA}

   It makes you much more stealthy.
 D - a +0 scale mail
 I - a +0 pair of gloves (worn)
 O - a +2 cloak of magic resistance (worn) {Thanks Doc!}
 R - a +0 shield (worn)
 V - a +0 robe of positive energy {Happy thoughts all over}
Jewellery
 m - an uncursed ring of see invisible
 p - an uncursed amulet of clarity {unknown}
 r - an uncursed ring of ice
 E - a +5 ring of slaying {!P Use only with shield}
 G - a ring of fire (right hand) {Xom's Gift}
 H - a ring of stealth (left hand)
 K - a +4 ring of strength
 X - an uncursed ring of positive energy {Good Vibes}
 Z - an amulet of faith (around neck) {!P}
Wands
 q - a wand of cold (9)
Scrolls
 b - 3 scrolls of enchant weapon
 c - 7 scrolls of noise {!r}
 e - 9 scrolls of recharging
 f - 13 scrolls of remove curse
 g - 4 scrolls of immolation {!r}
 h - 6 scrolls of amnesia
 i - 9 scrolls of identify {@r1}
 B - 3 scrolls of random uselessness
 P - 2 scrolls of vulnerability {!r}
Books
 a - a book of Necromancy

   Spells                             Type                      Level
   a - Pain                           Necromancy                   1
   b - Animate Skeleton               Necromancy                   1
   c - Vampiric Draining              Necromancy                   3
   d - Regeneration                   Charms/Necromancy            3
   e - Animate Dead                   Necromancy                   4
   f - Control Undead                 Necromancy                   4
 s - a book of Geomancy

   Spells                             Type                      Level
   a - Sandblast                      Earth                        1
   b - Stoneskin                      Transmutation/Earth          2
   c - Passwall                       Transmutation/Earth          3
   d - Stone Arrow                    Conjuration/Earth            3
   e - Petrify                        Transmutation/Earth          4
   f - Lee's Rapid Deconstruction     Earth                        5
 w - a book of Frost

   Spells                             Type                      Level
   a - Freeze                         Ice                          1
   b - Throw Frost                    Conjuration/Ice              2
   c - Ozocubu's Armour               Charms/Ice                   3
   d - Throw Icicle                   Conjuration/Ice              4
   e - Summon Ice Beast               Ice/Summoning                4
   f - Condensation Shield            Ice                          4
 C - a book of Alchemy

   Spells                             Type                      Level
   a - Sublimation of Blood           Necromancy                   2
   b - Ignite Poison                  Fire/Transmutation/Poison    3
   c - Alistair's Intoxication        Transmutation/Poison         4
   d - Condensation Shield            Ice                          4
   e - Petrify                        Transmutation/Earth          4
   f - Irradiate                      Conjuration/Transmutation    5
 F - a book of Minor Magic

   Spells                             Type                      Level
   a - Magic Dart                     Conjuration                  1
   b - Blink                          Translocation                2
   c - Call Imp                       Summoning                    2
   d - Repel Missiles                 Charms/Air                   2
   e - Slow                           Hexes                        2
   f - Conjure Flame                  Conjuration/Fire             3
   g - Mephitic Cloud                 Conjuration/Poison/Air       3
 L - a book of Ice

   Spells                             Type                      Level
   a - Ice Form                       Ice/Transmutation            4
   b - Metabolic Englaciation         Hexes/Ice                    5
   c - Ozocubu's Refrigeration        Ice                          6
   d - Bolt of Cold                   Conjuration/Ice              6
   e - Freezing Cloud                 Conjuration/Ice/Air          6
   f - Simulacrum                     Ice/Necromancy               6
 N - a book of Alchemy

   Spells                             Type                      Level
   a - Sublimation of Blood           Necromancy                   2
   b - Ignite Poison                  Fire/Transmutation/Poison    3
   c - Alistair's Intoxication        Transmutation/Poison         4
   d - Condensation Shield            Ice                          4
   e - Petrify                        Transmutation/Earth          4
   f - Irradiate                      Conjuration/Transmutation    5
Comestibles
 j - 3 bread rations
 t - 12 fruits
 J - 11 meat rations
 M - 4 slices of pizza
 Q - 3 chunks of flesh

Dungeon Overview and Level Annotations

Branches:
Dungeon (15/15)            Temple (0/1) D:7            Lair (8/8) D:10
 Shoals (2/4) Lair:4       Spider (4/4) Lair:4        Slime (0/6) Lair:8
    Orc (4/4) D:12            Elf (0/3) Orc:3        Vaults (1/5) D:14
 Depths (0/5) D:15

Altars:
Ashenzari
Makhleb
Nemelex Xobeh
Okawaru
Qazlal
Yredelemnul
Zin
Beogh
Jiyva

Shops:
D:5 }   D:7 }   Orc:2 [   Orc:4 [*(   Shoals:1 %   Shoals:2 [

Annotations:
D:5 exclusions: downstairs and upstairs
D:7 exclusion: 2 downstairs
D:8 exclusion: downstairs
D:10 !I kinda screwed up and put a 7 headed hydra next to the stairs , 26 exclusions
D:11 exclusions: ice statue, obsidian statue and upstairs
D:12 exclusion: 2 downstairs
D:13 !AZRAEL, exclusions: door, manticore and 1 more exclusion, Azrael
D:14 !Phantasmal warrior that hits like a truck, exclusions: 2 electric eels and upstairs
D:15 exclusions: 4 centaurs, centaur warrior and upstairs, bollicks1999's ghost, journeyman MiFi
Lair:1 exclusion: 2 downstairs, Elvalys's ghost, novice GrFi
Lair:2 !8 legs, exclusions: downstairs, upstairs and 20 more exclusions
Lair:3 !7 headed hydra care, 22 exclusions
Lair:4 exclusions: plant and 16 more exclusions
Lair:5 NO LEGS, exclusions: downstairs and 20 more exclusions
Lair:6 Seemingly clear, exclusions: downstairs, 4 fungi, oklob plant and 16 more exclusions
Lair:7 exclusions: bush, 3 downstairs, oklob plant, plant and 47 more exclusions
Lair:8 !Demons, exclusions: door and 3 more exclusions
Shoals:1 !Shoals is generally worth a warning, exclusions: downstairs, harpy and 2 water nymphs
Shoals:2 exclusions: manticore and merfolk avatar
Spider:1 Jesus christ that was lucky
Spider:3 exclusion: downstairs
Spider:4 exclusions: 3 doors, tarantella and 3 more exclusions, Agnes
Orc:3 exclusions: downstairs, orc warlord, upstairs and 43 more exclusions
Orc:4 Snorg

+░░ ▒..c▒▒▒▒...▒░,,,,,,,+,,,,,,░
,░░░▒..▒▒..▒▒..▒░░,,,..░░,,,,,,░
,░░,▒..▒.?(.▒..▒░......,░,,,,,,░
,░,,▒..▒()s{▒..▒░░)...%░░,,,,,,░
,,,░▒..▒▒.{+▒..▒ ░▒.▒.▒░░░░░░░░░
,,░░▒..†▒▒▒▒)oo▒▒▒▒+▒+▒
,,,░▒.....oOooo▒......▒▒▒▒▒▒▒▒▒
,░,,+....oO.oooyyy#!..▒.......▒
,░░,▒▒▒▒▒▒▒▒▒▒▒▒M#op..▒.......▒
,░░░░ ▒#pp..D▒{......▒ ░░
▒......'p......▒▒
▒......▒p.......▒▒
▒......▒.p.....≈≈≈
▒▒▒▒▒▒▒▒÷.....≈≈≈≈
▒▒▒▒▒▒▒p▒▒▒.≈≈.∩ ▒...y{p.▒
▒.≈≈≈≈ ▒...y..y▒ ▒..≈≈≈


You could see an ice dragon, a vault warden (inner flame), 2 vault guards, 2 orc
knights, an ogre mage (inner flame), a vault sentinel (inner flame), an
ironbrand convoker, an orc sorcerer (inner flame), 4 orc warriors, 3 vampire
mosquitoes, an ogre (inner flame), an orc priest (frenzied), 2 orc wizards and
an orc (frenzied).


Message History

The vampire mosquito barely misses you.
A vault guard opens the door.
The vampire mosquito barely misses you.
Unknown command.
Enter note: let's see if I can kill something Unknown command.
An orc priest comes into view. It is wielding a falchion.
You block the vampire mosquito's attack.
The vampire mosquito barely misses you.
You block the vampire mosquito's attack.
The vampire mosquito misses you.
The vampire mosquito closely misses you.
The vampire mosquito misses you.
An orc warrior and a yaktaur come into view.
The orc knight shouts!
The ogre shouts!
The orc wizard shouts!
You pummel the vampire mosquito!!
The vampire mosquito is severely damaged.
The vault guard no longer looks unusually strong.
The vampire mosquito completely misses you.
You block the vampire mosquito's attack.
The vampire mosquito barely misses you. x2
The yaktaur moves out of view.
The vampire mosquito closely misses you.
The vampire mosquito bites you but does no damage.
You block the vampire mosquito's attack.
You punch the vampire mosquito!
The vampire mosquito explodes!
The fiery explosion engulfs the vampire mosquito.
The vampire mosquito is almost destroyed.
The fiery explosion engulfs you!
You die...

Action                   |  1- 3 |  4- 6 |  7- 9 | 10-12 | 13-15 | 16-18 || total
-------------------------+-------+-------+-------+-------+-------+-------++-------
Melee: Unarmed           |   143 |   307 |   865 |  1739 |  3558 |  2503 ||  9115
  Use: Scroll            |       |     9 |     8 |     9 |     9 |    23 ||    58
 Stab: Sleeping          |     2 |     3 |     8 |    24 |    57 |    35 ||   129
       Distracted        |       |       |       |    11 |    21 |    16 ||    48
       Held in net/web   |       |       |       |       |       |     1 ||     1

Vault maps used:
D:1:      dpeg_arrival_ratfight, minmay_misc_feat_plants, minivault_23,
          st_stairs_4
D:2:      first_bread, ecumenical_altar_2, kennysheep_minor_cross
D:3:      kennysheep_pointless_box, nemelex_spade_bored_becter
D:4:      uniq_crazy_yiuf_cottage, uniq_robin
D:5:      gup_sewer_entry_pipe, serial_shops, kennysheep_mini_moat,
          serial_bayou_lagoon_a, okawaru_trees_1, uniq_pikel, uniq_menkaure
D:6:      enter_ossuary_5, basic_altar, uniq_edmund
D:7:      grunt_qazlal_sundering, temple_pool_a, nicolae_for_you_no_charge
D:8:      lemuel_castle_with_subvaults
D:9:      basic_altar, uniq_gastronok
D:10:     erik_lair_orcish_takeover, grunt_livestock, evilmike_ruin_ashenzari
D:11:     david_greed
D:12:     david_orc_2, st_stairs_9, yredelemnul_altar_generic
D:13:     uniq_azrael
D:14:     grunt_vaults_entry_tiered, nemelex_xobeh_ov_fountains_minmay,
          basic_altar
D:15:     gammafunk_depths_entry_grave, minivault_14
Lair:2:   basic_altar, lab_entry_generic
Lair:4:   minmay_shoals_entry_beasts, nicolae_spider_entry_orb_guardian
Lair:5:   minivault_11, st_stairs_11
Lair:6:   hangedman_lair_generics_rect
Lair:7:   nicolae_volcano_entry_two_sided
Lair:8:   evil_forest, slime_altar_2, minivault_27, serial_bayou_shore_a
Shoals:1: serial_shops, nicolae_shop_stone, uniq_kirke
Shoals:2: serial_shops, shop, uniq_polyphemus, uniq_frances
Spider:1: nicolae_trapdoor_corridor
Spider:4: spider_rune_water, uniq_agnes
Orc:1:    basic_altar
Orc:2:    serial_shops, nicolae_shop_trees
Orc:3:    basic_altar, nicolae_orc_pool_cavern, uniq_josephine, uniq_rupert,
          uniq_maud
Orc:4:    grunt_orc_gardens, grunt_orc_garden, grunt_orc_garden,
          grunt_orc_garden, grunt_orc_garden, uniq_snorg
Vaults:1: nicolae_vaults_three_branches, vaults_standard_mumra_x,
          hangedman_vaults_maws, nicolae_vaults_alarming,
          vaults_room_large_hall, nicolae_vaults_little_squares_4,
          vaults_room_glass_cross, nicolae_vaults_asterisk, grunt_vaults_funnel,
          hangedman_vaults_capsules, nicolae_vaults_little_squares_2,
          enter_trove_2, serial_shops, bzr_entry_islet
Lab:      labyrinth_spiral, nicolae_lab_arrow
Sewer:    sewer_co_scattered_pipes
Ossuary:  minmay_ossuary_two_tombs

Notes
Turn   | Place    | Note
--------------------------------------------------------------
     0 | D:1      | OssuaryOsiris the Mummy Monk began the quest for the Orb.
     0 | D:1      | Reached XP level 1. HP: 18/18 MP: 1/1
   149 | D:1      | Reached XP level 2. HP: 16/24 MP: 2/2
   730 | D:1      | Reached skill level 4 in Unarmed Combat
   867 | D:2      | Found a faded altar to an unknown god.
   907 | D:2      | Reached XP level 3. HP: 20/29 MP: 3/3
  1970 | D:2      | Reached XP level 4. HP: 27/35 MP: 4/4
  3074 | D:3      | Reached skill level 5 in Unarmed Combat
  3851 | D:3      | Reached XP level 5. HP: 41/41 MP: 5/5
  3869 | D:3      | Found a sparkling altar of Nemelex Xobeh.
  3935 | D:4      | Reached skill level 4 in Fighting
  4265 | D:4      | Noticed Crazy Yiuf
  4296 | D:4      | Noticed a phantom
  4301 | D:4      | Got a scorched leather armour
  4503 | D:4      | Noticed Robin
  4545 | D:3      | Killed Robin
  4801 | D:4      | Reached skill level 5 in Fighting
  4801 | D:4      | Reached XP level 6. HP: 24/51 MP: 6/6
  5408 | D:3      | Killed a phantom
  5408 | D:3      | Reached skill level 6 in Fighting
  5982 | D:5      | Entered Level 5 of the Dungeon
  6078 | D:5      | Found an iron altar of Okawaru.
  6123 | D:5      | Reached XP level 7. HP: 29/58 MP: 7/7
  6279 | D:5      | Found a glowing drain.
  6314 | Sewer    | Entered a sewer
  7036 | D:5      | Noticed Pikel
  7057 | D:4      | Noticed a centaur
  7286 | D:4      | Killed a centaur
  7286 | D:4      | Reached skill level 6 in Unarmed Combat
  7495 | D:6      | that's too many portals
  7536 | D:6      | Found a burning altar of Makhleb.
  7645 | D:6      | Found a sand-covered staircase.
  7666 | Ossuary  | Entered an ossuary
  7667 | Ossuary  | hmm this one
  8317 | Ossuary  | PRECIOUS POTIONS
  8548 | Ossuary  | Reached skill level 7 in Unarmed Combat
  8615 | Ossuary  | MORE LIKE NOICE
  8738 | D:6      | Reached XP level 8. HP: 58/65 MP: 8/8
  9056 | D:6      | Reached skill level 7 in Fighting
  9116 | D:6      | Noticed Edmund
  9117 | D:6      | Good edmund
  9117 | D:6      | Always wear protection
  9314 | D:5      | Killed Edmund
  9740 | D:5      | Noticed Menkaure
  9743 | D:5      | Creaks loudly!
  9752 | D:5      | that's about the same
  9955 | D:5      | Killed Menkaure
  9955 | D:5      | Reached skill level 8 in Fighting
 10156 | D:5      | Found Zaheqov's Gadget Emporium.
 10165 | D:5      | GADGETS
 10165 | D:5      | TRINKETS
 10165 | D:5      | UNSUITED FOR THE PHARAOH
 11310 | D:7      | Reached skill level 8 in Unarmed Combat
 11554 | D:7      | Found a staircase to the Ecumenical Temple.
 11571 | D:7      | Found Goesisox's Quality Used Wands.
 11800 | D:7      | Found a stormy altar of Qazlal.
 11844 | D:7      | Reached skill level 3 in Dodging
 11844 | D:7      | Reached XP level 9. HP: 59/74 MP: 9/9
 12087 | D:7      | well
 12087 | D:7      | Let's go take yiuf
 12183 | D:4      | Killed Crazy Yiuf
 12186 | D:4      | No distortion
 12186 | D:4      | easy
 12297 | D:4      | Killed Pikel
 12297 | D:4      | Reached skill level 5 in Dodging
 12587 | D:8      | hmmm
 12978 | D:8      | Reached skill level 6 in Dodging
 12979 | D:8      | oh christ
 12979 | D:8      | I can't take a warg
 13175 | D:7      | BUT MAYBE I CAN
 13192 | D:7      | oh.
 13437 | D:8      | Always believe in yourself
 13525 | D:8      | Reached skill level 9 in Fighting
 13527 | D:8      | OR NO
 14458 | D:8      | Reached XP level 10. HP: 78/83 MP: 10/10
 14721 | D:8      | I became a lot more tacticool playing this thing
 14870 | D:7      | Reached skill level 9 in Unarmed Combat
 15542 | D:8      | hehehehehehehe
 15542 | D:8      | HEHEHEHEHEHEHEHE
 15542 | D:8      | I still fuck up though
 15548 | D:8      | HP: 1/83 [warg (8)]
 17712 | D:8      | Reached skill level 7 in Dodging
 17754 | D:8      | Noticed an orc knight
 17758 | D:8      | h my god
 17979 | D:9      | Reached skill level 2 in Stealth
 18332 | D:8      | Noticed an orc sorcerer
 18385 | D:8      | Paralysed by an orc sorcerer for 3 turns
 18462 | D:9      | Found a shattered altar of Ashenzari.
 18481 | D:9      | Reached skill level 3 in Stealth
 18779 | D:9      | Reached skill level 4 in Stealth
 19079 | D:9      | Noticed Gastronok
 19112 | D:9      | Reached skill level 5 in Stealth
 19118 | D:9      | Noticed an unseen horror
 19128 | D:9      | HP: 8/83 [unseen horror (4)]
 19152 | D:7      | Noticed a sun demon
 19462 | D:7      | Killed an orc sorcerer
 19806 | D:7      | Reached skill level 6 in Stealth
 20015 | D:8      | Reached XP level 11. HP: 61/89 MP: 11/11
 20168 | D:9      | HP: 5/89 [yak (8)]
 20216 | D:9      | oh my fucking god
 21531 | D:8      | Killed an unseen horror
 21531 | D:8      | Reached skill level 10 in Unarmed Combat
 21913 | D:8      | Have I spent too much time
 22146 | D:10     | Entered Level 10 of the Dungeon
 22621 | D:10     | Found a staircase to the Lair.
 22742 | D:10     | Found a shattered altar of Ashenzari.
 23131 | D:10     | Noticed a hill giant
 23187 | D:9      | Reached skill level 10 in Fighting
 23376 | D:10     | HP: 2/90 [orc warrior/flail (21)]
 23972 | D:10     | Noticed a hill giant
 24376 | D:10     | I'm seeing double!
 24376 | D:10     | Four hill giants!
 24570 | D:10     | Noticed a hill giant
 24584 | Lair:1   | Entered Level 1 of the Lair of Beasts
 24772 | Lair:1   | Noticed Elvalys's ghost (novice GrFi)
 24773 | Lair:1   | what did you even die to
 24773 | Lair:1   | a hydra or something
 24807 | Lair:2   | Grrrrrrreat
 24872 | Lair:2   | Found a glowing silver altar of Zin.
 24901 | Lair:2   | Found a labyrinth entrance.
 24963 | Lab      | Entered a labyrinth
 25050 | Lab      | Noticed a minotaur
 25180 | Lab      | Got a transparent large shield
 25370 | Lair:1   | Identified the cursed +0 large shield of the Devil's Advocate {rC++ rCorr Dex-3 Slay-5} (You found it in a labyrinth)
 25370 | Lair:1   | Absolutely Beautiful
 25406 | Lair:1   | I'm sorry
 25406 | Lair:1   | I just don't feel it
 25446 | Lair:1   | Reached skill level 8 in Dodging
 26359 | Lair:1   | OH MY FUCKING GOD
 26359 | Lair:1   | OH MY GOD
 26359 | Lair:1   | OH SHIT
 26486 | Lair:1   | Noticed an eight-headed hydra
 26630 | Lair:1   | JUST
 26630 | Lair:1   | LET ME GRAB THEM
 27333 | D:10     | IT DOES
 27333 | D:10     | NOT WORK
 27333 | D:10     | WITH UNARMED
 27579 | D:11     | Noticed a tengu warrior
 28008 | Lair:2   | well it sure works
 28071 | Lair:2   | Reached skill level 7 in Stealth
 28224 | Lair:2   | Yep
 28224 | Lair:2   | Stabbed
 28350 | Lair:3   | Reached XP level 12. HP: 62/97 MP: 12/12
 28510 | Lair:3   | Oh my god this is so fun
 28536 | Lair:2   | Got a shimmering jade amulet
 29372 | Lair:3   | Reached skill level 9 in Dodging
 30492 | Lair:3   | Reached skill level 8 in Stealth
 30752 | Lair:4   | Noticed a five-headed hydra
 30759 | Lair:4   | Found a staircase to the Shoals.
 31740 | Lair:3   | Noticed a seven-headed hydra
 32365 | Lair:2   | oh shit dicks' up
 33062 | Lair:3   | Jesus
 34205 | Lair:4   | HP: 9/97 [komodo dragon (20)]
 34943 | Lair:5   | Reached skill level 11 in Unarmed Combat
 36499 | Lair:5   | Reached skill level 11 in Fighting
 36689 | Lair:5   | Noticed an eight-headed hydra
 36754 | Lair:5   | Reached skill level 9 in Stealth
 37260 | Lair:5   | NOW I CAN COUNTER THE -5 LARGE SHIELD
 37669 | Lair:5   | I am the sneakiest Mummy
 38154 | Lair:6   | Gained mutation: You are in touch with the powers of death. [Mummy growth]
 38154 | Lair:6   | Gained mutation: You can restore your body by infusing magical energy. [Mummy growth]
 38154 | Lair:6   | Reached XP level 13. HP: 79/106 MP: 13/13
 38189 | Lair:6   | Reached skill level 10 in Dodging
 38801 | Lair:6   | I want a buckler
 38801 | Lair:6   | Thank you RNGesus
 38802 | Lair:6   | Oh dear
 38802 | Lair:6   | Oh dear
 38805 | Lair:6   | I didn't mean to do that I swear
 39071 | Lair:6   | oh my god aren't you a persistent little fuck
 40917 | Lair:6   | yeah as much as I'd love volcano with RF
 40917 | Lair:6   | MINUS
 41380 | Lair:5   | Got an ichor-stained robe
 42522 | Lair:5   | THE STEALTHIEST MUMO
 42522 | Lair:5   | IS ALSO VERY FRAGILE
 44091 | Lair:7   | EVERY ENTRANCE IS BLINK FROGS
 44328 | Lair:6   | These boots
 44328 | Lair:6   | They altered the ground
 45198 | Lair:6   | Viscious Combo
 46036 | Lair:6   | Reached skill level 12 in Unarmed Combat
 47964 | Lair:7   | I could probably take the little hydra
 47964 | Lair:7   | But not on a level with other hydras
 48241 | Lair:6   | I CAN'T take the little hydra
 48369 | Lair:6   | Off you go
 48426 | Lair:7   | Got an ichor-stained leather armour
 48845 | Lair:7   | Mambra bad
 48848 | Lair:6   | Hydra bad too
 50108 | Lair:7   | FIRST HYDRA FREE FLOOR
 50131 | Lair:8   | Entered Level 8 of the Lair of Beasts
 50139 | Lair:8   | like this thing
 50387 | Lair:8   | Reached skill level 12 in Fighting
 50617 | Lair:7   | Reached skill level 11 in Dodging
 50644 | Lair:7   | Reached XP level 14. HP: 101/115 MP: 14/14
 51814 | Lair:8   | hmm
 52032 | Lair:6   | hmmm
 52199 | Lair:6   | god
 52199 | Lair:6   | so many hydras
 53408 | D:10     | Surely I can fist a hill giant he said
 53408 | D:10     | It won't do fourty damage he said
 53408 | D:10     | It'll be better than punching hydras he said
 53784 | D:10     | Killed a hill giant
 53893 | D:10     | okay
 54220 | D:8      | oh yeah
 54220 | D:8      | This place had an efreet
 54221 | D:8      | nope
 54276 | D:10     | Killed a hill giant
 54529 | D:10     | gotta love these boots
 54533 | D:10     | oh my god there's more
 54786 | Lair:1   | Reached skill level 13 in Unarmed Combat
 55323 | D:10     | Killed a hill giant
 55759 | D:11     | Noticed a hill giant
 56147 | D:10     | Killed a hill giant
 57252 | Lair:3   | Reached skill level 12 in Dodging
 57982 | Lair:4   | Noticed a seven-headed hydra
 58738 | Shoals:1 | Entered Level 1 of the Shoals
 58738 | Shoals:1 | Noticed Kirke
 58739 | Shoals:1 | Man
 59681 | Lair:6   | My eyes are burning
 59681 | Lair:6   | That's all for tonight folks
 60646 | Lair:7   | Not like this
 60646 | Lair:7   | Not like this
 60949 | Lair:6   | This lair is a concentrated ball of murder
 62338 | Lair:8   | Why are there so many hydras
 63509 | D:11     | Noticed a hill giant
 63532 | D:10     | it's hydras all the way down
 64174 | D:11     | Noticed an obsidian statue
 64588 | D:11     | Killed a tengu warrior
 65335 | D:12     | HA!
 65335 | D:12     | TAKE THAT!
 65513 | D:12     | Found a basalt altar of Yredelemnul.
 65528 | D:12     | Another hydra
 65644 | D:12     | Reached skill level 14 in Unarmed Combat
 65683 | D:12     | Reached skill level 1 in Shields
 66080 | D:12     | Found a staircase to the Orcish Mines.
 66349 | D:12     | Reached skill level 2 in Shields
 66663 | Orc:1    | Entered Level 1 of the Orcish Mines
 66734 | Orc:1    | Found a roughly hewn altar of Beogh.
 66782 | Orc:1    | Reached XP level 15. HP: 113/120 MP: 15/15
 67231 | Orc:2    | Found Quxyd's Armour Shoppe.
 67352 | Orc:2    | Bought a +2 cloak of magic resistance for 301 gold pieces
 67847 | Orc:3    | Noticed Rupert
 67860 | Orc:2    | Killed Rupert
 67860 | Orc:2    | Reached skill level 3 in Shields
 68525 | Orc:3    | Reached skill level 4 in Shields
 68702 | Orc:3    | Found a roughly hewn altar of Beogh.
 68722 | Orc:3    | Noticed Josephine
 68789 | Orc:2    | Reached skill level 1 in Short Blades
 68835 | Orc:3    | Killed Josephine
 69054 | Orc:3    | Found a staircase to the Elven Halls.
 69090 | Orc:3    | Reached skill level 2 in Short Blades
 69250 | Orc:3    | Noticed Maud
 69262 | Orc:3    | Killed Maud
 69427 | Orc:4    | Entered Level 4 of the Orcish Mines
 69589 | Orc:4    | Found Nanique's Antique Armour Boutique.
 69644 | Orc:3    | Reached skill level 3 in Short Blades
 70132 | Orc:4    | Found Daewufum's Jewellery Boutique.
 70803 | Orc:3    | Reached skill level 4 in Short Blades
 71026 | Orc:4    | MOTHERFUCKING JEWELERY SHOP MIMIC
 71034 | Orc:4    | IT'S NOT FUN I NEED RF
 71540 | Orc:4    | Found Guaxzigh's General Store.
 71548 | Orc:4    | Bought a scroll of vulnerability for 105 gold pieces
 71771 | Orc:4    | Noticed Snorg
 72780 | Orc:3    | Reached skill level 5 in Short Blades
 74061 | Orc:4    | Found Irigur's Antique Weapon Boutique.
 74390 | Orc:4    | Got a cloak of MR
 74390 | Orc:4    | This orc was decent I guess
 74596 | D:12     | Here dies anon
 74596 | D:12     | Killed by hell hounds
 74596 | D:12     | He was fucking stupid
 75083 | D:13     | Noticed Azrael
 75188 | D:14     | Should I really be in D 14 right now
 75188 | D:14     | Found a sparkling altar of Nemelex Xobeh.
 75382 | D:14     | Fuck it
 75382 | D:14     | Maybe I'll do spider
 75956 | D:14     | Identified a scroll of acquirement
 75960 | D:14     | GODDAMNIT ACQUIREMENT
 75960 | D:14     | I DON'T NEED A CHAIN MAIL
 75970 | D:14     | Reached skill level 13 in Dodging
 76203 | D:14     | Found a gate to the Vaults.
 76204 | D:14     | A SHIELD
 76204 | D:14     | I NEED THAT SHIELD
 76621 | D:14     | YOU WILL GIVE ME THAT SHIELD
 76621 | D:14     | AND YOU WILL DIE
 77950 | D:15     | Entered Level 15 of the Dungeon
 78066 | D:15     | Noticed bollicks1999's ghost (journeyman MiFi)
 78072 | D:15     | Found a staircase to the Depths.
 78076 | D:15     | These things
 78076 | D:15     | Are strong
 78091 | D:14     | AND THAT THING
 78091 | D:14     | IS TOO MUCH
 78634 | D:15     | Reached skill level 5 in Shields
 78985 | D:15     | It is fast?
 78985 | D:15     | Even as a zombie?
 78992 | D:15     | Oh christ
 79071 | D:15     | oh good
 79238 | D:15     | There's always a hydra
 79238 | D:15     | Always
 79899 | Lair:2   | wait was taht the
 79899 | Lair:2   | Yep
 79899 | Lair:2   | hydra
 80505 | Lair:1   | Reached skill level 6 in Shields
 80843 | Lair:2   | Killed Elvalys's ghost
 80904 | Lair:2   | Baby steps here
 81011 | Lair:2   | NO MERCY
 81366 | Lair:2   | Baby steps
 81936 | Lair:2   | Killed a minotaur
 81936 | Lair:2   | Reached XP level 16. HP: 61/127 MP: 16/16
 81937 | Lair:2   | Good!
 81937 | Lair:2   | This wasn't reckless at all
 82240 | Lair:2   | FREE LEVEL
 82505 | Lair:2   | Killed a five-headed hydra
 82758 | Lair:2   | Found a glowing silver altar of Zin.
 83448 | Lair:4   | Reached skill level 7 in Shields
 84149 | Lair:4   | Can't this thing swim in deep water
 84159 | Lair:4   | Found a hole to the Spider Nest.
 84161 | Lair:4   | Apparently not
 84974 | Lair:5   | Can I punch six heads
 84974 | Lair:5   | maybe on a clear floor
 84974 | Lair:5   | there are no clear floors
 85458 | Lair:5   | Reached skill level 8 in Shields
 86092 | Lair:5   | Neat.
 87411 | Shoals:1 | Killed Kirke
 87411 | Shoals:1 | Reached skill level 9 in Shields
 87458 | Shoals:1 | Found Bytzo's Food Emporium.
 87665 | Shoals:2 | Found Zurphua's Antique Armour Boutique.
 87668 | Shoals:2 | ARMOR
 87685 | Shoals:2 | Bought a shiny helmet for 130 gold pieces
 87695 | Shoals:2 | hmmm
 87705 | Shoals:2 | Bought a glowing cloak for 130 gold pieces
 88372 | Lair:6   | hmm
 88372 | Lair:6   | HMMMM
 88372 | Lair:6   | seven might be too much
 88430 | Lair:5   | SEVEN HEADS FEASIBLE
 88624 | Lair:5   | 8 might still be too much
 88624 | Lair:5   | let's try
 88776 | Lair:5   | Killed an eight-headed hydra
 88777 | Lair:5   | HYDRAPROOF
 90043 | Lair:3   | hmm
 90056 | Lair:3   | Don't be dumb
 90124 | Lair:3   | I said don't be dumb
 90132 | Lair:3   | GODDAMNIT
 90227 | Lair:3   | Killed a seven-headed hydra
 91554 | Lair:2   | hmm
 91554 | Lair:2   | no
 91753 | Lair:3   | Praise the Hydra
 91753 | Lair:3   | The true master of UC in the dungeon
 91753 | Lair:3   | Blessed be thy mother Lerny
 91753 | Lair:3   | Please don't eat me
 91753 | Lair:3   | Amen
 92542 | Lair:2   | Found a glowing silver altar of Zin.
 92645 | Lair:2   | Reached skill level 10 in Shields
 93397 | Lair:1   | Eight IS too much
 93397 | Lair:1   | But I can take it
 93438 | Lair:2   | 8 MIGHT be still out of reach without good rolls
 97329 | Lair:6   | LADY
 97329 | Lair:6   | DID YOU FALL DOWN A SHAFT OR SOMETHING
 97573 | Lair:6   | did the last one have six heads
 97600 | Lair:6   | I refuse to accept anything else
 97969 | Lair:6   | yep
 97969 | Lair:6   | I knew it
100407 | Lair:8   | Oh man it's spriggans
100407 | Lair:8   | I'm actually glad because there's a chance of bucklers now
100657 | Lair:8   | There's like
100657 | Lair:8   | four hydras at the very least
100665 | Lair:8   | let's try to mow the numbers down a little bit
100804 | Lair:6   | GOOD PEOPLE OF THE IMPERIAL CITY
100804 | Lair:6   | WELCOME
100804 | Lair:6   | TO THE ARENA!
100910 | Lair:6   | Reached skill level 11 in Shields
102601 | Lair:8   | Found a runed door.
102602 | Lair:8   | Found a viscous altar of Jiyva.
102637 | Lair:8   | Found a staircase to the Slime Pits.
102673 | Lair:8   | The fabled slimy hydra
102778 | Lair:8   | I don't ask for many things
102778 | Lair:8   | But please be RF
102780 | Lair:8   | CLOSE ENOUGH
104944 | Lair:7   | Reached skill level 12 in Shields
104944 | Lair:7   | Reached XP level 17. HP: 46/133 MP: 17/17
105559 | Lair:8   | oh no
105559 | Lair:8   | It's the demon vault
105617 | Lair:8   | Found a burning altar of Makhleb.
106246 | Lair:8   | But it wasn't spriggans after all
106298 | Lair:8   | Hmmm
106298 | Lair:8   | That was a terrible idea
106298 | Lair:8   | Nope I?m pretty much screwed here
106300 | Lair:8   | oh.
106300 | Lair:8   | hm.
106300 | Lair:8   | well okay then.
106312 | Lair:7   | oh wow.
106312 | Lair:7   | who knew demons were fearless
106535 | Lair:7   | not this guy
106680 | Lair:8   | yeah I'll just
106680 | Lair:8   | casually walk away here
106682 | Lair:7   | This never happened
106901 | Lair:8   | hmmm
106901 | Lair:8   | maybe later
107052 | D:10     | Killed a hill giant
107256 | D:9      | Killed Gastronok
107765 | D:8      | Killed an orc knight
108202 | D:5      | Found an iron altar of Okawaru.
108239 | D:5      | Found Zaheqov's Gadget Emporium.
108623 | D:5      | Found an iron altar of Okawaru.
108662 | D:5      | Found Zaheqov's Gadget Emporium.
109164 | D:13     | Not the best idea
109164 | D:13     | let's go to spider
109406 | Spider:1 | Entered Level 1 of the Spider Nest
110038 | Spider:1 | You fall through a shaft!
111322 | Spider:1 | Reached skill level 13 in Shields
111859 | Spider:2 | These boots
113700 | Spider:3 | Identified the amulet "Hoffu" {Gourm rC+ rN+ Int+6} (You found it on level 2 of the Lair of Beasts)
113786 | Spider:3 | Bad
115068 | Spider:4 | Entered Level 4 of the Spider Nest
115125 | Spider:4 | hmmm
115125 | Spider:4 | I don't like that
115635 | Spider:2 | Reached skill level 14 in Shields
117164 | Spider:4 | wait for it...
117165 | Spider:4 | HA!
117165 | Spider:4 | Now how did that happen I don't know
117909 | Spider:4 | AGAIN!
118538 | Spider:4 | Noticed Agnes
118539 | Spider:4 | hmmmm
118539 | Spider:4 | surely nothing will go wrong
118541 | Spider:4 | it did
118544 | Spider:4 | uuuh
118544 | Spider:4 | UUUUH
118544 | Spider:4 | OKAY
118546 | Spider:4 | Got a gossamer rune of Zot
118547 | Spider:4 | Yep
118824 | Lair:4   | wow.
118824 | Lair:4   | I mean, wow.
118824 | Lair:4   | Just how
118824 | Lair:4   | *you pray to xom*
118838 | Lair:4   | Now, vaults!
118838 | Lair:4   | Or shoals
118838 | Lair:4   | Maybe just dip in vaults
119209 | Vaults:1 | Entered Level 1 of the Vaults
119210 | Vaults:1 | GOD.
119211 | Vaults:1 | I'm never going to make it.
119232 | Vaults:1 | hello
119232 | Vaults:1 | HELLO
119232 | Vaults:1 | THE PHARAOH'S CROWN, ONCE LOST
119434 | Vaults:1 | THE GREED
119434 | Vaults:1 | MY GREEN
119434 | Vaults:1 | well, my greed.
119441 | Vaults:1 | it will surely kill me
119442 | Vaults:1 | I must not listen to the greed
119509 | Vaults:1 | oh god he's recalling
119510 | Vaults:1 | yep
119525 | Vaults:1 | All for greed
119534 | Vaults:1 | yep
119540 | Vaults:1 | oh come on, he had one pip
119560 | Vaults:1 | I'm sorry I fucked up anon from the therad
119563 | Vaults:1 | oh great he can dispel undead
119590 | Vaults:1 | Found a flickering gateway to a bazaar.
119594 | Vaults:1 | WHAT
119594 | Vaults:1 | ALL THIS
119594 | Vaults:1 | FOR NOTHING?
119594 | Vaults:1 | GOZAG YOU FUCKER
119702 | Vaults:1 | I hate you
119702 | Vaults:1 | you were probably just food
119971 | Vaults:1 | so
119971 | Vaults:1 | I have no more consumables
119971 | Vaults:1 | this was a fun learning experience
120452 | Vaults:1 | I could have picked up the skeleton once
120452 | Vaults:1 | But not now
120452 | Vaults:1 | It is balancecrime
120471 | Vaults:1 | I accept death
120471 | Vaults:1 | I am own fault
120502 | Vaults:1 | The doors
120502 | Vaults:1 | The end
120518 | Vaults:1 | let's see if I can kill something
120520 | Vaults:1 | Killed from afar by a vampire mosquito

Vanquished Creatures
  Rupert (Orc:2)
  Gastronok (D:9)
  Kirke (Shoals:1)
  Maud (Orc:3)
  An orc warlord (Orc:3)
  A juggernaut zombie (D:15)
  An emperor scorpion (Spider:4)
  An ironheart preserver (Vaults:1)
  An ettin (Vaults:1)
  A yaktaur captain (Vaults:1)
  Josephine (Orc:3)
  2 vault guards (D:14)
  A minotaur (Lair:2)
  20 hydras
  2 entropy weavers
  A centaur warrior (D:15)
  A tengu warrior (D:11)
  26 death yaks
  6 orc high priests
  The ghost of Elvalys the Basher, a novice GrFi of Okawaru (Lair:2)
  5 unseen horrors
  A sea snake (Lair:4)
  2 wizards
  11 hill giants
  Pikel (D:4)
  2 orc knights
  19 wolf spiders
  A deep elf conjurer (Vaults:1)
  An ironbrand convoker (Vaults:1)
  4 hornets
  9 orb spiders
  An ugly thing (D:11)
  2 orc sorcerers
  A cyclops (D:12)
  4 necromancers
  A moth of wrath (Spider:3)
  8 griffons
  6 black mambas
  29 elephants
  A manticore (Lair:4)
  A salamander (shapeshifter) (Vaults:1)
  2 torpor snails (Spider:2)
  A frost giant skeleton (D:15)
  A smoke demon (Lair:8)
  A kobold demonologist (D:12)
  5 orange demons (Lair:8)
  A gargoyle (D:10)
  25 spiny frogs
  A yaktaur (D:14)
  20 komodo dragons
  7 fire drakes
  An efreet (D:8)
  A freezing wraith (D:14)
  6 demonic crawlers
  2 guardian mummies (D:15)
  14 jumping spiders
  2 red devils (Lair:8)
  2 merfolk
  A polar bear (Lair:6)
  8 slime creatures
  A blue devil (Lair:8)
  4 trolls
  2 snapping turtles (Shoals:1)
  4 boulder beetles
  52 blink frogs
  A spriggan zombie (D:15)
  2 tengu conjurers
  15 trapdoor spiders
  30 redbacks
  20 humans
  12 tarantellas
  4 deep elf magi
  A shadow (D:12)
  5 wraiths
  4 water elementals (D:14)
  4 basilisks
  5 vampire mosquitoes
  3 wyverns
  2 steam dragons
  3 hogs (Lair:4)
  3 hungry ghosts
  26 hippogriffs
  12 wolves
  Menkaure (D:5)
  2 deep elf fighters (Vaults:1)
  79 yaks
  28 wargs
  Edmund (D:5)
  25 porcupines
  3 soldier ants
  18 spiders
  41 orc warriors
  27 water moccasins
  3 ice beasts
  3 wasps
  An eye of draining (D:13)
  4 hell hounds
  2 black bears
  2 sky beasts
  4 slaves
  2 necrophages
  3 phantoms
  25 crocodiles
  3 big kobolds
  15 ogres
  A brain worm (Lair:2)
  12 centaurs
  18 giant frogs
  A water moccasin zombie (D:9)
  6 scorpions
  A wyvern skeleton (D:13)
  22 killer bees
  2 jellies (D:8)
  A quasit (D:9)
  10 wights
  An electric eel (Lair:8)
  2 centaur zombies
  10 crimson imps
  12 hounds
  A giant frog zombie (D:11)
  4 human zombies
  39 orc wizards
  Crazy Yiuf (D:4)
  37 orc priests
  7 hell rats (Lair:5)
  3 centaur skeletons
  20 iguanas
  14 worker ants
  30 sheep
  A killer bee zombie (D:5)
  2 big kobold zombies (Ossuary)
  A hound zombie (Ossuary)
  3 mummies (Ossuary)
  A worker ant zombie (D:10)
  Robin (D:3)
  14 adders
  6 gnolls
  108 river rats
  4 shadow imps
  6 adder zombies
  An ooze (D:2)
  4 worms
  11 giant geckos
  223 orcs
  9 giant cockroaches
  A gnoll zombie (Ossuary)
  3 hobgoblins
  6 jackals (Sewer)
  2 quokkas
  5 ball pythons (Sewer)
  10 bats
  A giant gecko skeleton (D:7)
  11 giant newts
  9 goblins
  3 goblin zombies (Ossuary)
  2 hobgoblin zombies (Ossuary)
  A jackal skeleton (D:6)
  6 jackal zombies
  21 kobolds
  3 kobold zombies (Ossuary)
  An orc zombie (Ossuary)
  A quokka skeleton (D:4)
  3 quokka zombies (Ossuary)
  14 rats
  6 rat zombies (Ossuary)
  11 fungi
  2 plants
1561 creatures vanquished.

Vanquished Creatures (others)
  2 orb spiders (Spider:4)
  A human (Shoals:1)
  A centaur (Shoals:1)
  An orc (Orc:3)
  A hobgoblin (D:3)
  A bush (Lair:7)
  A fire vortex (Lair:8)
  102 fungi
  64 plants
174 creatures vanquished.

Grand Total: 1735 creatures vanquished
